 Dungeon Crawl Stone Soup version 0.19.1-1-g22dce08 (webtiles) character file.

4976 Atlantean the Blocker (level 10, -1/66 HPs)
             Began as a Gargoyle Fighter on Jan 8, 2017.
             Was a Believer of Okawaru.
             Killed from afar by an orc wizard (7 damage)
             ... with a puff of flame
             ... on level 10 of the Dungeon.
             The game lasted 00:16:40 (8578 turns).

Atlantean the Blocker (Gargoyle Fighter)            Turns: 8578, Time: 00:16:42

Health: -1/66      AC: 14    Str: 21    XL:     10   Next: 53%
Magic:  8/10       EV: 13    Int: 10    God:    Okawaru [**....]
Gold:   37         SH: 13    Dex: 10    Spells: 0 memorised, 9 levels left

rFire  . . .     SeeInvis .     N - +1 flail (crush)
rCold  . . .     Gourm    .     n - +2 leather armour {MR+}
rNeg   + . .     Faith    .     c - +0 shield
rPois  ∞         Spirit   .     L - +1 hat {MR+}
rElec  +         Reflect  .     (no cloak)
rCorr  .         Harm     .     (no gloves)
MR     ++...                    (no boots)
Stlth  +++.......               g - amulet of regeneration
                                (no ring)
                                r - ring of stealth

@: heroism
A: negative energy resistance 1, electricity resistance, unbreathing,
petrification resistance, rot immunity, AC +7
a: Heroism, Renounce Religion


You were on level 10 of the Dungeon.
You worshipped Okawaru.
Okawaru was pleased with you.
You were not hungry.

You visited 2 branches of the dungeon, and saw 11 of its levels.

You collected 37 gold pieces.

Inventory:

Hand Weapons
 i - a +0 vampiric trident
 k - a +2 mace of crushing
 A - a cursed -3 trident
 M - a +2 hand axe of distortion
 N - a +1 flail of crushing (weapon)
 P - a +2 vampiric hand axe
 S - a +4 morningstar
Missiles
 V - 5 needles of paralysis
Armour
 c - a +0 shield (worn)
 n - a +2 leather armour of magic resistance (worn)
 L - a +1 hat of magic resistance (worn)
 T - a +3 leather armour
Magical Staves
 J - an uncursed staff of energy {unknown}
Jewellery
 g - an amulet of regeneration (around neck)
 r - a ring of stealth (left hand)
Wands
 b - a wand of polymorph (11/24)
 q - a wand of acid (10/15)
 x - a wand of digging (7/24)
 y - a wand of paralysis (8/24)
 O - a wand of teleportation (7/9)
 R - a wand of enslavement (13/24)
Scrolls
 h - 9 scrolls of remove curse
 j - 2 scrolls of recharging
 l - a scroll of fog
 t - 4 scrolls of teleportation {unknown}
 u - a scroll of magic mapping {unknown}
 v - 2 scrolls of enchant weapon {unknown}
 F - a scroll of torment {unknown}
 H - a scroll of amnesia {unknown}
 I - 2 scrolls of blinking {unknown}
Potions
 a - a potion of lignification {unknown}
 d - 2 potions of might
 e - 3 potions of invisibility
 m - 4 potions of curing
 p - a potion of agility {unknown}
 s - 3 potions of degeneration {unknown}
 B - a potion of flight {unknown}
 C - 3 potions of cancellation {unknown}
 D - a potion of berserk rage {unknown}
 E - 2 potions of resistance
 U - 2 potions of magic {unknown}
Books
 o - a book of Callings

   Spells                             Type                      Level
   a - Summon Small Mammal            Summoning                    1
   b - Call Imp                       Summoning                    2
   c - Call Canine Familiar           Summoning                    3
   d - Summon Guardian Golem          Hexes/Summoning              3
   e - Summon Lightning Spire         Summoning/Air                4
   f - Summon Ice Beast               Ice/Summoning                4
 G - a book of Cantrips

   Spells                             Type                      Level
   a - Confusing Touch                Hexes                        1
   b - Animate Skeleton               Necromancy                   1
   c - Summon Small Mammal            Summoning                    1
   d - Apportation                    Translocation                1
Comestibles
 f - 7 bread rations
 w - 3 fruits
 z - a meat ration
 K - 2 slices of pizza
 Q - 2 chunks of flesh


   Skills:
 + Level 9.0(14.0) Fighting
 + Level 7.7(12.7) Maces & Flails
 + Level 9.0(14.0) Armour
 + Level 9.2(14.2) Shields


You had 9 spell levels left.
You didn't know any spells.

Dungeon Overview and Level Annotations

Branches:
Dungeon (10/15)            Temple (1/1) D:7            Lair (0/6) D:10
    Orc: D:9-12

Altars:
Ashenzari
Cheibriados
Dithmenos
Elyvilon
Fedhas
Gozag
Hepliaklqana
Kikubaaqudgha
Makhleb
Nemelex Xobeh
Okawaru
Qazlal
Ru
Sif Muna
Trog
Uskayaw
Vehumet
Xom
Yredelemnul
Zin
The Shining One

Shops:
D:6 *

Annotations:
D:9 Maurice


Innate Abilities, Weirdness & Mutations

You are resistant to torment.
Your stone body is resilient. (AC +7)
You are immune to poison.
You resist negative energy. (rN+)
You are resistant to electric shocks. (rElec)
You can survive without breathing.
You are immune to petrification.
You are immune to rotting.


Message History

The puff of flame hits you!
* * * LOW HITPOINT WARNING * * *
You sock the orc!
You kill the orc!
Okawaru accepts your kill.
The orc warrior hits you but does no damage.
The orc wizard closely misses you.
Unknown command.
You gain the combat prowess of a mighty hero.
You block the orc warrior's attack.
The orc wizard gestures at you while chanting.
The puff of flame hits you!
* * * LOW HITPOINT WARNING * * *
Unknown command.
You barely miss the orc warrior.
The orc warrior is heavily wounded.
You block the orc warrior's attack. The orc wizard casts a spell at you.
The puff of flame hits you!
You die...

.........# #....###............
...###...# #............###....
...# #...# #............# #....
#..###...#####............###....
##...............................
##..............................
##.............................
##..........)o(...............
##....).....@o.#####.........
##............# #.........
##....)).....# #.........
##..))......# #.........
##...###...#####......... ##).#
#.................
##.###.................
##)..............###..
##..............# #..


You could see an orc warrior and an orc wizard.

Vanquished Creatures
  A hill giant (D:10)
  5 yaks (D:9)
  A hungry ghost (D:10)
  Grum (D:10)
  A water moccasin (D:9)
  2 orc warriors
  2 black bears (D:9)
  2 phantoms
  2 ogres
  2 wolves (D:10)
  The ghost of Scuka the Archer, an amateur CeHu (D:3)
  2 centaurs
  7 bullfrogs
  A water moccasin zombie (D:6)
  3 scorpions
  A water moccasin skeleton (D:10)
  2 wyvern skeletons
  4 wights (D:10)
  3 howler monkeys
  2 bullfrog zombies (D:6)
  3 crimson imps
  5 hounds
  3 jellies
  5 orc priests
  8 orc wizards
  A bullfrog skeleton (D:10)
  6 worker ants
  2 worker ant zombies (D:9)
  A howler monkey skeleton (D:10)
  11 adders
  3 shadow imps
  An ooze (D:5)
  2 adder skeletons
  3 worms
  3 dart slugs
  4 leopard geckos
  55 orcs
  3 ball pythons
  6 giant cockroaches
  8 goblins
  8 hobgoblins
  7 jackals
  6 kobolds
  3 quokkas
  8 bats
  5 frilled lizards
  A jackal skeleton (D:4)
  A leopard gecko skeleton (D:5)
  A quokka skeleton (D:6)
  8 rats
226 creatures vanquished.

Vanquished Creatures (others)
  An orc (D:9)
1 creature vanquished.

Grand Total: 227 creatures vanquished

Notes
Turn   | Place    | Note
-------+----------+-------------------------------------------
     0 | D:1      | Atlantean the Gargoyle Fighter began the quest for the Orb.
     0 | D:1      | Reached XP level 1. HP: 14/14 MP: 1/1
   138 | D:1      | Reached XP level 2. HP: 13/19 MP: 2/2
   565 | D:2      | Reached XP level 3. HP: 23/23 MP: 3/3
   827 | D:2      | Reached XP level 4. HP: 28/29 MP: 4/4
  1437 | D:3      | Reached XP level 5. HP: 30/34 MP: 5/5
  1599 | D:3      | Noticed Scuka's ghost (amateur CeHu)
  1814 | D:3      | Found a shadowy altar of Dithmenos.
  1910 | D:3      | Found a burning altar of Makhleb.
  1912 | D:3      | Reached XP level 6. HP: 39/39 MP: 6/6
  1998 | D:3      | Killed Scuka's ghost
  2211 | D:3      | Reached skill level 5 in Shields
  2570 | D:4      | Reached skill level 5 in Fighting
  2632 | D:4      | Reached skill level 5 in Armour
  2632 | D:4      | Reached XP level 7. HP: 36/44 MP: 7/7
  2972 | D:4      | Found a shattered altar of Ashenzari.
  3263 | D:4      | Found an ancient bone altar of Kikubaaqudgha.
  3570 | D:5      | Entered Level 5 of the Dungeon
  3796 | D:5      | Found a bloodstained altar of Trog.
  3838 | D:5      | Found a glowing golden altar of the Shining One.
  4810 | D:6      | Found Zin's Purification Station.
  4814 | D:6      | Found a glowing silver altar of Zin.
  4848 | D:6      | Reached XP level 8. HP: 51/51 MP: 8/8
  5209 | D:6      | Reached skill level 5 in Maces & Flails
  5513 | D:7      | Found a sacrificial altar of Ru.
  5560 | D:7      | Found a blossoming altar of Fedhas.
  5800 | D:7      | Reached XP level 9. HP: 57/57 MP: 9/9
  5862 | D:7      | Found a staircase to the Ecumenical Temple.
  5871 | Temple   | Entered the Ecumenical Temple
  6068 | Temple   | Became a worshipper of Warmaster Okawaru
  6185 | D:8      | Noticed a dagger
  6187 | D:8      | Found a hide-covered altar of Uskayaw.
  6200 | D:8      | Noticed a dagger
  7476 | D:9      | Noticed Maurice
  7603 | D:9      | Reached * piety under Okawaru
  7775 | D:9      | Reached XP level 10. HP: 64/64 MP: 10/10
  7792 | D:9      | Reached ** piety under Okawaru
  7880 | D:9      | Found a white marble altar of Elyvilon.
  8083 | D:10     | Entered Level 10 of the Dungeon
  8187 | D:10     | Noticed a hill giant
  8204 | D:10     | Killed a hill giant
  8298 | D:10     | Found a staircase to the Lair.
  8400 | D:10     | Noticed Grum
  8432 | D:10     | Killed Grum
  8578 | D:10     | Killed from afar by an orc wizard

Skill      XL: |  1  2  3  4  5  6  7  8  9 10 |
---------------+-------------------------------+-----
Shields        | 4 5 7 8 9 |  9.2
Fighting       | 4 5 7 8 9 |  9.0
Armour         | 4 5 7 8 9 |  9.0
Maces & Flails | 3 4 5 6 7 |  7.7

Action                   |  1- 3 |  4- 6 |  7- 9 | 10-12 || total
-------------------------+-------+-------+-------+-------++-------
Melee: Flail             |    60 |       |    95 |   180 ||   335
       Mace              |    53 |   160 |   431 |       ||   644
Invok: Heroism           |       |       |       |     1 ||     1
Evoke: Wand              |       |       |     5 |       ||     5
  Use: Scroll            |       |       |     8 |       ||     8
       Potion            |       |       |       |     1 ||     1
  Eat: Chunk             |       |     6 |    16 |     5 ||    27
       Royal jelly       |       |       |     1 |       ||     1
Armor: Scale mail        |    91 |    77 |   209 |    76 ||   453
       Leather armour    |       |       |       |    28 ||    28
Dodge: Dodged            |    44 |    64 |   130 |    65 ||   303
Block: Shield            |    77 |    69 |   241 |   131 ||   518
